 Dungeon Crawl Stone Soup version 0.29.1-1-gd02db6906a (webtiles) character file.

Game seed: 3327882155996579567

16424 Godmorgon the Fighter (level 12, -24/94 HPs)
             Began as a Djinni Ice Elementalist on Sept 30, 2022.
             Was an Elder of Makhleb.
             Annihilated by a dire elephant (33 damage)
             ... on level 3 of the Lair of Beasts on Oct 1, 2022.
             The game lasted 01:31:50 (14289 turns).

Godmorgon the Fighter (Djinni Ice Elementalist)    Turns: 14289, Time: 01:31:51

Health: -24/94     AC: 10    Str: 14    XL:     12   Next: 70%
Gold:   256        EV: 12    Int: 26    God:    Makhleb [****..] SH:  8 Dex: 15

rFire   + + .      SeeInvis .   a - +1 falchion (elec)
rCold   . . .      Faith    .   K - +2 buckler
rNeg    . . .      Spirit   .   u - +6 leather armour "Batzieg" {rCorr Int+3 Slay+3}
rPois   ∞          Reflect  .   (no helmet)
rElec   +          Harm     .   (no cloak)
rCorr   +          Rampage  .   D - +0 pair of gloves of the Valley {*Corrode +Blink rElec}
Will    +....                   (boots unavailable)
Stlth   ++........              (no amulet)
HPRegen 0.25/turn               H - ring "Bewimotan" {Contam rCorr Str+7 Int+2}
MPRegen 0.00/turn               c - ring of protection from cold

@: liquefying, frozen, flying, slowed movement, very slow
A: sickness immunity, fire resistance 2, cold vulnerability 1, float, innate
caster, HP casting, extra vitality 1
a: Renounce Religion, Evoke Blink, Minor Destruction, Lesser Servant of Makhleb,
Major Destruction


You were on level 3 of the Lair of Beasts.
You worshipped Makhleb.
Makhleb was greatly pleased with you.
You visited 2 branches of the dungeon, and saw 12 of its levels.

You collected 577 gold pieces.
You spent 321 gold pieces at shops.

Inventory:

Hand Weapons
 a - a +1 falchion of electrocution (weapon)
 z - a +6 quarterstaff
 F - the +6 sling of the Sharp God {freeze, Str+2 Int+6 Stlth+}
   (You found it on level 7 of the Dungeon)

   Any ammunition fired from it freezes those it strikes, dealing additional
   cold damage.
   It can also slow down cold-blooded creatures.
   Str:       It affects your strength (+2).
   Int:       It affects your intelligence (+6).
   Stlth:     It makes you more stealthy.
Missiles
 b - 4 curare-tipped darts (quivered)
 v - 17 poisoned darts
 N - a throwing net
Armour
 i - a +0 tower shield
 u - the +6 leather armour "Batzieg" (worn) {rCorr Int+3 Slay+3}
   (You found it on level 3 of the Dungeon)

   Int:       It affects your intelligence (+3).
   Slay:      It affects your accuracy & damage with ranged weapons and melee
   (+3).
   rCorr:     It protects you from acid and corrosion.
 D - the +0 pair of gloves of the Valley (worn) {*Corrode +Blink rElec}
   (You bought it in a shop on level 1 of the Dungeon)

   rElec:     It insulates you from electricity.
   +Blink:    It lets you blink.
   *Corrode:  It may corrode you when you take damage.
 J - a +0 pair of gloves
 K - a +2 buckler (worn)
Jewellery
 c - a ring of protection from cold (right hand)
 f - a ring of protection from cold
 H - the ring "Bewimotan" (left hand) {Contam rCorr Str+7 Int+2}
   (You found it on level 2 of the Lair of Beasts)

   [ring of resist corrosion]

   Str:       It affects your strength (+7).
   Int:       It affects your intelligence (+2).
   Contam:    It causes magical contamination when unequipped.
   rCorr:     It protects you from acid and corrosion.
Wands
 n - a wand of flame (19)
 o - a wand of polymorph (13)
 x - a wand of charming (5)
 B - a wand of mindburst (16)
 P - a wand of digging (5)
Scrolls
 d - a scroll of brand weapon
 k - 3 scrolls of vulnerability
 l - 2 scrolls of summoning
 m - 2 scrolls of magic mapping
 y - a scroll of fear
 A - a scroll of immolation {unknown}
 G - a scroll of poison {unknown}
 I - 2 scrolls of teleportation
 M - a scroll of blinking {unknown}
 O - 2 scrolls of fog {unknown}
Potions
 e - 4 potions of heal wounds
 g - 5 potions of curing
 h - 2 potions of might {unknown}
 j - a potion of invisibility {unknown}
 p - 4 potions of lignification
 q - a potion of mutation {unknown}
 r - 2 potions of degeneration {unknown}
 s - a potion of attraction {unknown}
 t - 3 potions of magic {unknown}
 w - 2 potions of brilliance {unknown}
 C - 2 potions of flight {unknown}
 E - a potion of berserk rage {unknown}
 L - a potion of haste {unknown}


   Skills:
 + Level 11.2 Fighting
 - Level 4.0 Armour
 - Level 4.0 Dodging
 - Level 2.0 Stealth
 * Level 6.8 Shields
 + Level 9.3 Spellcasting
 + Level 8.4 Invocations


You had 6 spell levels left.
You knew the following spells:

 Your Spells              Type           Power      Damage    Failure   Level
a - Ozocubu's Armour      Ice            57%        N/A       1%          3
b - Blink                 Tloc           100%       N/A       1%          2
f - Freeze                Ice            100%       1d11      1%          1
h - Ensorcelled Hibernat  Hex/Ice        100%       N/A       1%          2
i - Inner Flame           Hex/Fire       57%        N/A       1%          3
r - Frozen Ramparts       Ice            100%       1d16      1%          3
s - Sandblast             Erth           100%       2d20      1%          1
H - Hailstorm             Conj/Ice       57%        3d12      1%          4
L - Leda's Liquefaction   Hex/Erth       28%        N/A       1%          4
Your spell library was empty.

Dungeon Overview and Level Annotations

Branches:
Dungeon (9/15)             Temple (0/1) D:4            Lair (3/5) D:9
 Shoals (0/4) Lair:2        Snake (0/4) Lair:2
    Orc: D:9-12

Altars:
Cheibriados
Elyvilon
Fedhas
Makhleb
Nemelex Xobeh
Okawaru
Qazlal
Ru
Uskayaw
Wu Jian
Xom
Yredelemnul
Zin
The Shining One

Shops:
D:1 [   D:2 :

Annotations:
Lair:1 1 runed translucent door, groovy9's ghost, journeyman DjCj


Innate Abilities, Weirdness & Mutations

You are immune to sickness and miasma.
You are immune to poison.
Your flesh is very heat resistant. (rF++)
You are vulnerable to cold. (rC-)
You float through the air rather than walking.
You learn spells naturally, not from books.
Your magical power is your life essence.
You have superior vitality. (+4 MHP)


Message History

The dire elephant is lightly wounded.
The rime drake resists.
The wall freezes the rime drake.
The wall freezes the dire elephant!
The dire elephant tramples you.
You hold your ground!
The dire elephant trunk-slaps you.
The wall freezes the rime drake but does no damage.
The rime drake breathes ice at you. You block the flash freeze.
You completely miss the dire elephant.
The dire elephant is moderately wounded.
The wall freezes the dire elephant but does no damage.
The dire elephant tramples you!
You hold your ground!
The dire elephant trunk-slaps you but does no damage.
The rime drake resists.
The wall freezes the rime drake.
You hit the dire elephant but do no damage.
Lightning courses through the dire elephant!
The dire elephant is moderately wounded.
The rime drake resists.
The wall freezes the rime drake.
The rime drake closely misses you.
The wall freezes the dire elephant.
The dire elephant tramples you!
You hold your ground!
The dire elephant trunk-slaps you but does no damage.
The rime drake resists.
The wall freezes the rime drake.
The rime drake breathes ice at you. The flash freeze hits you!
* * * LOW HITPOINT WARNING * * *
You are encased in ice.
The wall freezes the dire elephant but does no damage.
The dire elephant tramples you but does no damage.
The dire elephant closely misses you.
Okay, then.
Unknown command.
Casting: Sandblast (safe; 1% risk of failure)
Confirm with . or Enter, or press ? or * to list all spells.
Your frozen ramparts will break if you move.
Continue?
You blink.
The frozen ramparts melt away as you move.
* * * LOW HITPOINT WARNING * * *
The rime drake bites you.
* * * LOW HITPOINT WARNING * * *
The dire elephant tramples you!!
You die...

.#. .# .~≈~.h.S~~#♣Pk.♣#... .#.♣
♣.# ..~...~~≈≈#..~.♣#... .#.. ..
.....S~~≈≈#.♣Y.♣#... .# .♣.
~♣.♣~~~≈≈≈#...P♣#... .# ♣.♣
♣.♣~~≈≈≈♣#♣♣.♣♣#...
###♣.♣###################♣.♣#####
♣....††.♣...##.>.## ♣♣.....♣♣
♣.♣.♣.♣.♣.♣.#.....#♣♣♣♣..PPP..♣♣♣
♣.♣.♣.♣.♣.♣.∩...@.∩......P~P.....
♣.♣.♣.♣.♣.♣♣#...kY#♣♣♣♣..PPP..♣♣♣
..♣...♣...♣ ##<.§## ♣♣.....♣♣
#################################
.................<...............
.................#..######.......
#..P.####........#...............
#.#.†............#.......#.......
#.#......#........##+...P........


You could see a dire elephant (struggling) and a rime drake.

Vanquished Creatures
  A hydra (Lair:3)
  A two-headed ogre (D:9)
  A cyclops (D:9)
  4 elephants
  2 black mambas
  A torpor snail (Lair:1)
  3 merfolk sirens (Lair:2)
  4 cane toads (Lair:3)
  Maggie (Lair:2)
  2 komodo dragons (Lair:1)
  A merfolk (Lair:2)
  A hornet (D:5)
  2 polar bears (Lair:3)
  Prince Ribbit (D:7)
  A blink frog (Lair:3)
  A wyvern (Lair:1)
  15 yaks
  5 steam dragons
  2 nagas (Lair:2)
  4 water moccasins
  Duvessa (D:7)
  An orc warrior (D:9)
  An ice beast (D:5)
  4 sky beasts
  3 black bears
  3 wolves (Lair:3)
  A centaur (D:9)
  2 phantoms
  A kobold brigand (D:8)
  Blork the orc (D:6)
  9 bullfrogs
  2 necrophages (D:7)
  A gnoll sergeant (D:9)
  3 wights (D:5)
  Dowan (D:7)
  9 killer bees
  A howler monkey (D:9)
  3 electric eels (D:6)
  2 jellies (D:4)
  4 orc priests
  A hound (D:4)
  4 gnoll boudas
  4 iguanas
  4 orc wizards
  18 gnolls
  10 adders
  A shadow imp (D:7)
  A white imp (D:6)
  A worm (D:4)
  A dart slug (D:2)
  27 orcs
  3 ball pythons
  6 bats
  4 endoplasms
  3 giant cockroaches
  A goblin (D:2)
  4 hobgoblins
  7 jackals (D:4)
  4 quokkas
  A frilled lizard (D:3)
  9 kobolds
  A rat (D:2)
221 creatures vanquished.

Vanquished Creatures (collateral kills)
  A rime drake (Lair:1)
  Psyche (D:8)
  A centaur (D:9)
  A bullfrog (D:8)
  6 killer bees (D:9)
  An orc priest (D:9)
  4 orcs
15 creatures vanquished.

Vanquished Creatures (others)
  11 fungi
  15 plants
26 creatures vanquished.

Grand Total: 262 creatures vanquished

Notes
Turn   | Place    | Note
-------+----------+-------------------------------------------
     0 | D:1      | Godmorgon the Djinni Ice Elementalist began the quest for
                  | the Orb.
     0 | D:1      | Godmorgon set off with the following spells memorised:
                  | Freeze, Frozen Ramparts, Ozocubu's Armour, Hailstorm.
     0 | D:1      | Reached XP level 1. HP: 15/15 MP: 0/0
   410 | D:1      | Found Xuat's Antique Armour Emporium.
   426 | D:1      | Reached XP level 2. HP: 19/21 MP: 0/0
  1191 | D:2      | Found Saer Nyu's Book Shoppe.
  1194 | D:2      | Reached XP level 3. HP: 26/26 MP: 0/0
  1194 | D:2      | Learned a level 1 spell: Sandblast
  1279 | D:2      | Reached skill level 1 in Fighting
  1406 | D:2      | Reached XP level 4. HP: 20/32 MP: 0/0
  1991 | D:3      | Found a shimmering altar of Xom.
  2135 | D:3      | Reached skill level 1 in Armour
  2183 | D:3      | Found a glowing silver altar of Zin.
  2184 | D:3      | Found a sparkling altar of Nemelex Xobeh.
  2184 | D:3      | Found an ornate altar of the Wu Jian Council.
  2185 | D:3      | Found a blossoming altar of Fedhas.
  2185 | D:3      | Found a stormy altar of Qazlal.
  2186 | D:3      | Found a snail-covered altar of Cheibriados.
  2187 | D:3      | Found a white marble altar of Elyvilon.
  2187 | D:3      | Found a basalt altar of Yredelemnul.
  2188 | D:3      | Found a burning altar of Makhleb.
  2189 | D:3      | Found a hide-covered altar of Uskayaw.
  2189 | D:3      | Found an iron altar of Okawaru.
  2190 | D:3      | Found a glowing golden altar of the Shining One.
  2203 | D:3      | Became a worshipper of Makhleb the Destroyer
  2892 | D:3      | Identified the +6 leather armour "Batzieg" {rCorr Int+3
                  | Slay+3}
  3039 | D:4      | Reached skill level 2 in Fighting
  3039 | D:4      | Reached XP level 5. HP: 32/38 MP: 0/0
  3039 | D:4      | Learned a level 2 spell: Ensorcelled Hibernation
  3372 | D:4      | Reached skill level 1 in Invocations
  3372 | D:4      | Reached XP level 6. HP: 40/45 MP: 0/0
  3434 | D:4      | Reached * piety under Makhleb
  3664 | D:4      | Reached skill level 3 in Fighting
  3857 | D:4      | Found a staircase to the Ecumenical Temple.
  3989 | D:5      | Entered Level 5 of the Dungeon
  3991 | D:5      | Noticed a black bear
  3997 | D:4      | Killed a black bear
  3998 | D:4      | Reached XP level 7. HP: 48/50 MP: 0/0
  3998 | D:4      | Learned a level 2 spell: Blink
  4468 | D:5      | Noticed a hornet
  4760 | D:5      | Killed a hornet
  4761 | D:5      | Reached skill level 4 in Fighting
  4761 | D:5      | Reached XP level 8. HP: 51/58 MP: 0/0
  5038 | D:5      | Reached skill level 5 in Spellcasting
  5212 | D:5      | Reached skill level 5 in Fighting
  5407 | D:6      | Reached ** piety under Makhleb
  5531 | D:6      | Noticed Blork the orc
  5539 | D:6      | Killed Blork the orc
  5870 | D:6      | Identified the +0 robe "Ykeafua" {Rampage rN++ Int-4
                  | Archmagi}
  5930 | D:6      | Reached XP level 9. HP: 53/66 MP: 0/0
  5930 | D:6      | Learned a level 3 spell: Inner Flame
  6873 | D:1      | Bought a pair of pitted gloves for 218 gold pieces
  6873 | D:1      | Identified the +0 pair of gloves of the Valley {*Corrode
                  | +Blink rElec} (You bought it in a shop on level 1 of the
                  | Dungeon)
  6985 | D:7      | Noticed Duvessa
  6985 | D:7      | Noticed Dowan
  7031 | D:7      | Noticed Prince Ribbit
  7037 | D:6      | Reached skill level 6 in Fighting
  7385 | D:7      | Killed Prince Ribbit
  7391 | D:7      | Killed Dowan
  7676 | D:7      | Reached skill level 7 in Fighting
  7772 | D:7      | Killed Duvessa
  8185 | D:7      | Identified the +6 sling of the Sharp God {freeze, Str+2
                  | Int+6 Stlth+}
  8429 | D:8      | Reached XP level 10. HP: 71/75 MP: 0/0
  8542 | D:8      | Noticed Psyche
  8614 | D:8      | Reached skill level 5 in Invocations
  8625 | D:8      | Reached skill level 8 in Fighting
  8650 | D:8      | Reached *** piety under Makhleb
  9058 | D:8      | Killed Psyche
  9190 | D:9      | Found a staircase to the Lair.
  9217 | D:9      | Found a sacrificial altar of Ru.
  9404 | D:9      | Reached skill level 9 in Fighting
  9788 | D:9      | Noticed a two-headed ogre
  9803 | D:9      | Killed a two-headed ogre
  9804 | D:9      | Reached XP level 11. HP: 79/84 MP: 0/0
  9804 | D:9      | Learned a level 4 spell: Leda's Liquefaction
 10351 | D:9      | Reached skill level 10 in Fighting
 10451 | D:9      | Noticed a cyclops
 10455 | D:9      | Killed a cyclops
 10725 | D:1      | Bought a tower shield for 103 gold pieces
 10882 | Lair:1   | Entered Level 1 of the Lair of Beasts
 10882 | Lair:1   | Noticed groovy9's ghost (journeyman DjCj)
 10903 | Lair:1   | Noticed an elephant
 10904 | Lair:1   | Noticed an elephant
 10919 | Lair:1   | Noticed an elephant
 10920 | Lair:1   | Killed an elephant
 10921 | Lair:1   | Reached skill level 1 in Shields
 10924 | Lair:1   | Killed an elephant
 10927 | Lair:1   | Killed an elephant
 11181 | Lair:1   | Found a runed translucent door.
 12364 | Lair:2   | Found a staircase to the Snake Pit.
 12509 | Lair:2   | Found a staircase to the Shoals.
 12509 | Lair:2   | Noticed a merfolk siren
 12647 | Lair:2   | Identified the ring "Bewimotan" {Contam rCorr Str+7 Int+2}
 12659 | Lair:2   | Noticed Maggie
 12672 | Lair:2   | Killed Maggie
 12709 | Lair:2   | Reached XP level 12. HP: 58/93 MP: 0/0
 13163 | Lair:2   | Reached skill level 5 in Shields
 13340 | Lair:3   | Reached **** piety under Makhleb
 13396 | Lair:3   | Reached skill level 11 in Fighting
 13459 | Lair:3   | Noticed an eight-headed hydra
 13467 | Lair:3   | Killed an eight-headed hydra
 14251 | Lair:3   | Noticed a dire elephant
 14289 | Lair:3   | Annihilated by a dire elephant

Illustrated notes

Levels and vault maps discovered:
D:1:      enne_arrival_octagon_isle, layout_loops_ring, serial_shops, shop,
          corner_web_ring
D:2:      layout_loops_ring, serial_shops, shop_statue
D:3:      layout_basic, nicolae_overflows_in_rows, marbit_many_paths
D:4:      layout_cave_pools, minmay_temple_entry_enclosed_plants
D:5:      layout_cave_pools, serial_column_ruins, column_ruins_hut,
          column_ruins_corridor_plus, column_ruins_open_tiny,
          column_ruins_columns_plus, column_ruins_columns_corner,
          column_ruins_open_tiny, column_ruins_open_small
D:6:      layout_loops_ring, chequers_serial_rivers_room_a, water_boxes_lemuel,
          uniq_blork_the_orc
D:7:      layout_rooms, abandoned_shop, minivault_11, uniq_duvessa,
          uniq_prince_ribbit1
D:8:      layout_cave_pods, hangedman_misty_isle, uniq_psyche
D:9:      layout_irregular_city, mainiacjoe_overflow_alcove_4, lair_entry_dummy,
          kennysheep_just_a_vault
Lair:1:   layout_loops_ring, hellmonk_ghost_happy_afterlife, grunt_megastairs_5
Lair:2:   layout_long_grid, elwin_shoals_entry_stream,
          guppyfry_snake_entry_island, uniq_maggie
Lair:3:   nzn_winding_woodlands_stair_trap [nzn_winding_woodlands_5x15_garden,
          nzn_winding_woodlands_5x15_sidewinder,
          nzn_winding_woodlands_5x15_pathside_ponds,
          nzn_winding_woodlands_15x15_eel_pit, nzn_winding_woodlands_5x15_twine,
          nzn_winding_woodlands_5x15_split_checker,
          nzn_winding_woodlands_5x15_longhouse], layout_chaotic_city,
          serial_forest, infiniplex_forest_end_1, infiniplex_forest_end_2,
          infiniplex_forest_lined_3, infiniplex_forest_split,
          infiniplex_forest_straight_3, serial_bayou_shore_b

Skill      XL: |  1  2  3  4  5  6  7  8  9 10 11 12 |
---------------+-------------------------------------+-----
Stealth        | 2 |  2.0
Fighting       | 1 2 3 4 5 7 9 10 11 | 11.2
Armour         | 1 2 3 4 |  4.0
Dodging        | 3 4 |  4.0
Spellcasting   | 4 5 6 8 9 |  9.3
Invocations    | 1 2 3 4 6 7 8 |  8.4
Shields        | 4 6 |  6.8

Action                   |  1- 3 |  4- 6 |  7- 9 | 10-12 || total
-------------------------+-------+-------+-------+-------++-------
Melee: Short sword       |    12 |    14 |       |       ||    26
       Falchion          |       |       |    79 |   168 ||   247
       Punch             |       |       |     1 |       ||     1
Throw: Dart              |     1 |       |    14 |     6 ||    21
 Cast: Freeze            |    22 |     3 |     2 |       ||    27
       Sandblast         |       |    70 |    91 |    69 ||   230
       Frozen Ramparts   |       |     2 |    14 |    37 ||    53
       Ozocubu's Armour  |       |       |     8 |    22 ||    30
       Ensorcelled Hiber |       |       |     1 |       ||     1
       Blink             |       |       |       |     2 ||     2
       Leda's Liquefacti |       |       |       |     1 ||     1
Invok: Lesser Servant of |       |       |       |     4 ||     4
       Minor Destruction |       |       |       |     1 ||     1
 Abil: Evoke Blink       |       |       |       |     1 ||     1
Evoke: Wand              |       |       |     2 |     1 ||     3
  Use: Scroll            |       |     1 |     8 |     6 ||    15
       Potion            |       |       |     1 |       ||     1
 Stab: Sleeping          |     1 |       |     1 |       ||     2
Armor: Robe              |     5 |     2 |       |       ||     7
       Leather armour    |       |     9 |    61 |   109 ||   179
Dodge: Dodged            |    14 |    33 |    90 |   155 ||   292
Block: Buckler           |       |       |       |    44 ||    44
